 Dungeon Crawl Stone Soup version 0.24.1-14-gf8d2b509d9 (webtiles) character file.

Game seed: 12739500270021715919, levelgen mode: deterministic

174 Gildeon the Chopper (level 5, -3/45 HPs)
             Began as a Minotaur Fighter on Mar 20, 2021.
             Slain by an ogre
             ... wielding a +0 giant club
              (4 damage)
             ... on level 4 of the Dungeon.
             The game lasted 00:05:26 (2765 turns).

Gildeon the Chopper (Minotaur Fighter)              Turns: 2765, Time: 00:05:27

Health: -3/45      AC:  9    Str: 22    XL:     5   Next: 28%
Magic:  4/4        EV:  3    Int: 11    God:
Gold:   137        SH: 14    Dex:  7    Spells: 4/4 levels left

rFire    . . .     SeeInvis .   a - +0 war axe
rCold    . . .     Gourm    .   x - +0 large shield
rNeg     . . .     Faith    .   c - +0 chain mail
rPois    .         Spirit   .   (helmet restricted)
rElec    .         Reflect  .   (no cloak)
rCorr    .         Harm     .   (no gloves)
MR       .....                  (no boots)
Stlth    ..........             (no amulet)
HPRegen  0.15/turn              q - -2 ring of dexterity (curse)
MPRegen  0.09/turn              A - +6 ring of intelligence

@: no status effects
A: retaliatory headbutt, horns 2
a: no special abilities


You were on level 4 of the Dungeon.
You were not hungry.

You visited 1 branch of the dungeon, and saw 4 of its levels.

You collected 137 gold pieces.

Inventory:

Hand Weapons
 a - a +0 war axe (weapon)
 e - a +0 club
Armour
 c - a +0 chain mail (worn)
 x - a +0 large shield (worn)
Jewellery
 q - a cursed -2 ring of dexterity (left hand)
 w - an uncursed ring of protection from cold
 y - an uncursed ring of see invisible
 A - a +6 ring of intelligence (right hand)
Wands
 v - a wand of iceblast (8)
Scrolls
 g - a scroll of noise {unknown}
 h - 5 scrolls of magic mapping {unknown}
 i - a scroll of amnesia {unknown}
 j - a scroll of random uselessness {unknown}
 l - a scroll of immolation {unknown}
 m - 2 scrolls of blinking {unknown}
 o - 5 scrolls of identify {unknown}
 p - 2 scrolls of teleportation {unknown}
 t - 7 scrolls of remove curse {unknown}
 u - 2 scrolls of fog {unknown}
 z - 2 scrolls of fear {unknown}
Potions
 b - 3 potions of brilliance {unknown}
 d - 3 potions of might
 k - a potion of cancellation {unknown}
 n - a potion of haste {unknown}
 r - a potion of curing {unknown}
 s - a potion of lignification {unknown}
Comestibles
 f - 8 rations
 B - a chunk of flesh


   Skills:
 + Level 3.6 Fighting
 * Level 6.7 Axes
 - Level 3.6 Armour
 - Level 3.6 Shields


You had 4 spell levels left.
You didn't know any spells.
Your spell library was empty.

Dungeon Overview and Level Annotations

Branches:
Dungeon (3/15)

Altars:
Xom

Annotations:
D:3 2 transporters, LemonRage's ghost, amateur DEFE


Innate Abilities, Weirdness & Mutations

You reflexively headbutt those who attack you in melee.
You have a pair of horns on your head.


Message History

Okay, then.
You hit the ogre. Your headbutt misses the ogre.
The ogre is lightly wounded.
The ogre hits you with a +0 giant club.
You hit the ogre.
The ogre is lightly wounded.
The ogre hits you with a +0 giant club!!
Your shield and chain mail prevent you from hitting the ogre.
Your headbutt misses the ogre.
The ogre is lightly wounded.
The ogre hits you with a +0 giant club!
* * * LOW HITPOINT WARNING * * *
You hit the ogre. You headbutt the ogre!
The ogre is heavily wounded.
The ogre hits you with a +0 giant club.
* * * LOW HITPOINT WARNING * * *
Your shield and chain mail prevent you from hitting the ogre.
The ogre is heavily wounded.
The ogre hits you with a +0 giant club.
You die...

#######
.......
#####......#
#.@O.......#
#.###......#
#.# ......#
#########.#
......#
#.........#
......#
#.#....####
>......
#.#....#
..#####
#.#....#####
#..
#..........#


You could see an ogre.

Vanquished Creatures
  A scorpion (D:4)
  An orc priest (D:4)
  An orc wizard (D:4)
  An ooze (D:1)
  4 worms
  A dart slug (D:2)
  3 leopard geckos
  3 orcs
  5 bats
  3 giant cockroaches
  4 goblins
  4 hobgoblins
  4 kobolds
  3 quokkas
  A ball python (D:2)
  4 frilled lizards
  7 rats
50 creatures vanquished.

Notes
Turn   | Place    | Note
-------+----------+-------------------------------------------
     0 | D:1      | Gildeon the Minotaur Fighter began the quest for the Orb.
     0 | D:1      | Reached XP level 1. HP: 19/19 MP: 0/0
    62 | D:1      | Reached skill level 3 in Axes
   209 | D:1      | Reached XP level 2. HP: 22/26 MP: 1/1
   464 | D:1      | Reached skill level 4 in Axes
   896 | D:2      | Reached XP level 3. HP: 31/31 MP: 2/2
  1832 | D:3      | Reached skill level 5 in Axes
  2124 | D:3      | Found a shimmering altar of Xom.
  2164 | D:3      | Found a transporter.
  2169 | D:3      | Noticed LemonRage's ghost (amateur DEFE)
  2170 | D:3      | Found a transporter.
  2278 | D:3      | Noticed an ogre
  2279 | D:3      | Noticed an ogre
  2376 | D:3      | Reached XP level 4. HP: 39/39 MP: 3/3
  2533 | D:3      | You fall into a shaft and drop 1 floor!
  2548 | D:4      | Reached skill level 6 in Axes
  2752 | D:4      | Reached XP level 5. HP: 45/45 MP: 4/4
  2754 | D:4      | Noticed an ogre
  2764 | D:4      | HP: 1/45 [ogre/+0 giant club (6)]
  2765 | D:4      | Slain by an ogre

Levels and vault maps discovered:
D:1:      wander_arrival_fairy_ring, layout_basic, dk_noncrumbling_3
D:2:      wad_pebble_path, layout_basic, chequers_big_river
D:3:      layout_basic, brannock_xom_greatest_gift, lemuel_crystal_altar,
          gammafunk_ghost_smash, kennysheep_generic_room_4
D:4:      layout_basic, serial_shops, nicolae_shop_behind_doors, first_ration,
          minmay_fountain_box, uniq_edmund

Skill      XL: |  1  2  3  4 |
---------------+-------------+-----
Axes           | 3 4 5 6 |  6.7
Fighting       | |  3.6
Armour         | |  3.6
Shields        | |  3.6

Action                   |  1- 3 |  4- 6 || total
-------------------------+-------+-------++-------
Melee: War axe           |    79 |    34 ||   113
       Headbutt          |     9 |     4 ||    13
  Eat: Chunk             |     4 |     2 ||     6
Armor: Scale mail        |    26 |       ||    26
       Chain mail        |     2 |    27 ||    29
Dodge: Dodged            |    21 |     3 ||    24
Block: Shield            |    26 |       ||    26
       Large shield      |    13 |    27 ||    40
